Map: Babylon LE

Players

MalcolmPecs

  • Race: Terran Terran
  • League: Gold
  • Spawn Location: 11:00

MattBarry - Winner!

  • Race: Zerg Zerg
  • League: Gold
  • Spawn Location: 5:00

VOD

Have the link to the VOD?

Description

Time

  • Played on: Feb. 11, 2023, 2 a.m.
  • Length: 32:36
Show
View Real Time Build Order
Export as new Build Order

MalcolmPecs Terran 

Build Orders:  

Get SALT Encoding   

  12  0:01  SCV  
  13  0:13  SCV  
  14  0:18  Supply Depot  
  14  0:25  SCV  
  15  0:39  SCV  
  16  0:43  Barracks  
  16  0:51  SCV  
  17  1:03  SCV  
  18  1:16  SCV  
  19  1:22  Command Center  
  19  1:30  Refinery  
  19  1:33  Marine  
  21  1:47  Orbital Command  
  21  1:51  Marine  
  21  1:56  Supply Depot  
  21  2:20  Barracks Reactor  
  21  2:22  SCV  
  22  2:30  Barracks, Refinery  
  22  2:42  Orbital Command  
  22  2:54  SCV  
  23  2:58  Bunker  
  23  3:00  Marine x2  
  25  3:18  Marine, SCV  
  25  3:19  Barracks Tech Lab  
  27  3:28  Factory  
  27  3:30  SCV  
  28  3:53  Marine x2  
  28  3:54  Marauder  
  28  3:55  SCV  
  32  4:04  Barracks  
  32  4:06  Supply Depot, Engineering Bay  
  32  4:07  SCV  
  32  4:08  Stimpack  
  33  4:11  Marine  
  33  4:14  Orbital Command  
  34  4:18  Factory Tech Lab  
  34  4:22  Marine  
  34  4:23  Marine  
  36  4:28  Marine  
  37  4:40  Marine  
  37  4:41  Siege Tank  
  37  4:45  Terran Infantry Weapons Level 1  
  41  4:58  Supply Depot  
  41  4:59  Supply Depot  
  41  5:02  Barracks Reactor  
  41  5:10  SCV x2  
  43  5:16  Starport  
  43  5:22  SCV x2  
  45  5:34  SCV x2  
  45  5:35  Siege Tank  
  50  5:36  Marine x2  
  50  5:40  Barracks  
  52  5:42  Barracks  
  52  5:46  SCV x2  
  54  5:51  Supply Depot, Marine x3  
  54  5:54  Marine x2  
  59  6:02  Combat Shield  
  59  6:03  Viking  
  61  6:12  Marine  
  61  6:13  Marine x3  
  61  6:18  Refinery  
  65  6:30  SCV  
  65  6:31  SCV  
  67  6:39  Barracks Reactor x2  
  67  6:43  SCV x2  
  69  6:47  Starport Reactor  
  69  6:48  Terran Infantry Armor Level 1  
  69  6:53  Siege Tank  
  72  6:55  SCV  
  72  6:56  Command Center  
  72  7:00  SCV  
  74  7:01  Marine x2  
  74  7:02  Marine x2  
  74  7:03  Marine, Refinery  
  78  7:16  Supply Depot  
  78  7:19  Supply Depot  
  78  7:22  SCV  
  78  7:38  Marine x5, SCV, Medivac  
  78  7:39  Missile Turret  
  78  7:40  Marine x2, Medivac  
  78  7:41  SCV  
  91  7:45  Missile Turret  
  91  7:52  Missile Turret  
  91  7:53  SCV  
  91  7:57  Missile Turret x2  
  92  8:00  Armory  
  92  8:08  SCV  
  92  8:09  SCV  
  92  8:11  Orbital Command  
  94  8:14  Marine  
  94  8:15  Marine  
  96  8:21  SCV  
  96  8:25  Liberator  
  100  8:37  Marine x3  
  100  8:38  Marine  
  104  8:49  Orbital Command  
  104  8:51  SCV x2  
  107  9:00  Marine x3  
  107  9:01  Marine x3  
  111  9:03  SCV  
  111  9:04  SCV  
  111  9:08  Missile Turret  
  111  9:09  Bunker  
  113  9:23  Marine x4  
  117  9:29  Terran Infantry Weapons Level 2, Terran Vehicle And Ship Armor Level 1  
  117  9:35  Bunker  
  117  9:37  Missile Turret  
  117  9:42  Refinery  
  117  10:02  Marine x2  
  117  10:04  Marine x4  
  109  10:29  Marine x2  
  109  10:31  Marine  
  109  10:32  Marine x2  
  109  10:35  Marauder  
  107  10:51  SCV x2  
  109  11:06  Supply Depot  
  109  11:10  Refinery  
  109  11:18  Supply Depot  
  109  11:20  Supply Depot  
  109  11:27  SCV x3, Marauder, Siege Tank  
  109  11:31  Factory  
  117  11:33  Bunker  
  117  11:34  Factory  
  117  11:40  Marine x8  
  117  11:42  SCV x3  
  117  11:44  Terran Vehicle Weapons Level 1  
  117  11:45  Terran Infantry Armor Level 2  
  124  11:49  Marauder  
  124  11:50  Liberator  
  124  11:51  Liberator  
  132  11:57  Starport, Marine  
  133  12:20  Marine  
  133  12:21  Marauder, Factory Tech Lab  
  136  12:22  Factory Tech Lab  
  136  12:33  Liberator  
  136  12:35  Marine x2, Command Center  
  136  12:36  Marine x3  
  144  12:37  Missile Turret  
  144  12:38  Missile Turret x2  
  144  12:42  Marauder, Siege Tank  
  148  12:52  Starport Reactor  
  148  12:55  Siege Tank  
  148  12:56  Siege Tank  
  146  13:03  Marauder  
  148  13:06  Bunker  
  148  13:07  Bunker  
  148  13:08  Missile Turret  
  148  13:20  Engineering Bay  
  148  13:23  Supply Depot  
  148  13:38  Supply Depot  
  148  13:45  Marauder, Siege Tank x2  
  148  13:46  Supply Depot, Siege Tank  
  154  14:05  Starport, Terran Infantry Weapons Level 3  
  154  14:06  Terran Vehicle Weapons Level 2, Marauder  
  147  14:11  Missile Turret  
  147  14:12  Missile Turret  
  147  14:19  Missile Turret  
  147  14:27  Liberator  
  147  14:28  Liberator x3  
  147  14:30  Missile Turret, Marine x5  
  147  14:31  Marine x2  
  165  14:53  Siege Tank x3  
  165  14:55  SCV x2  
  165  14:56  SCV x2  
  165  14:57  Bunker  
  165  14:59  Starport  
  178  15:01  Starport  
  178  15:02  Missile Turret  
  178  15:07  SCV  
  178  15:08  SCV x2  
  178  15:10  Liberator  
  178  15:12  Bunker  
  181  15:25  Siege Tank x3  
  157  16:24  Marine, Marauder  
  157  16:25  Marine x6  
  163  16:26  Marine  
  158  16:42  Marine  
  158  16:46  Marauder  
  161  17:04  Siege Tank x3  
  161  17:06  Starport Tech Lab  
  161  17:07  Marauder  
  172  17:11  Refinery  
  172  17:12  Missile Turret  
  172  17:15  Marine x4, Starport Tech Lab  
  174  17:16  Marine x4  
  174  17:19  Command Center  
  180  17:24  Refinery  
  180  17:25  Planetary Fortress  
  180  17:26  Missile Turret  
  180  17:27  Missile Turret  
  180  17:28  Missile Turret, Bunker, Marauder  
  180  17:29  Bunker  
  182  17:30  Missile Turret  
  182  17:33  Marine  
  181  17:50  Marauder  
  142  18:56  Viking, Raven x2  
  142  18:57  Viking, Medivac x2  
  145  19:07  Marine x3  
  145  19:08  Marine x5  
  145  19:09  Marine  
  139  19:25  Marine x4  
  139  19:26  Marine, Liberator, Medivac  
  139  19:27  Liberator x2, Terran Ship Weapons Level 1  
  139  19:28  Missile Turret x2  
  139  19:29  Terran Infantry Armor Level 3  
  139  19:30  Bunker, Liberator, Raven  
  160  19:32  Bunker  
  160  19:39  Starport Tech Lab  
  160  19:49  Missile Turret  
  160  19:50  Missile Turret  
  160  19:56  Viking  
  142  20:07  Marine, Marauder  
  142  20:08  Marine x6  
  142  20:09  Marine  
  129  20:25  Marine x3  
  129  20:26  Marine x4  
  132  20:28  Marauder  
  132  20:32  Marine  
  129  20:43  Marine x3, Reaper  
  129  20:44  Marine x3  
  138  20:50  Marine, Marauder  
  139  21:01  Marine x4  
  139  21:02  Marine x2  
  145  21:05  Siege Tank x3  
  156  21:11  Marauder  
  143  21:32  Marauder  
  143  21:37  Siege Tank x2  
  146  21:43  Marine x3  
  146  21:44  Marine x5  
  155  21:54  Marauder  
  155  22:01  Marine x5  
  152  22:02  Marine x3  
  151  22:15  Marauder  
  153  22:19  Marine x4  
  157  22:26  Neosteel Armor  
  157  22:27  Terran Vehicle And Ship Armor Level 2  
  157  22:30  Starport  
  157  22:31  Fusion Core  
  157  22:37  Starport, Marauder  
  159  22:43  Marine x4  
  159  22:44  Marine x4  
  164  22:46  Liberator, Medivac  
  172  22:53  Hi-Sec Auto Tracking, Liberator  
  172  22:54  Medivac x2  
  172  22:58  Marauder  
  181  23:19  Marauder  
  182  23:35  Weapon Refit  
  182  23:37  Starport Tech Lab  
  182  23:41  Marauder  
  184  23:42  Starport Tech Lab  
  184  23:50  Refinery  
  184  23:57  Refinery  
  184  24:02  Bunker x2, Marauder  
  162  24:20  Battlecruiser x3  
  162  24:23  Marine x3  
  130  25:17  Marine x6  
  130  25:18  Marine x3  
  130  25:19  Viking x4  
  130  25:20  Viking  
  146  25:33  Viking  
  146  25:34  Marine  
  124  26:07  Marine x2  
  124  26:08  Marine x6  
  124  26:09  Marine  
  122  26:25  Marine x2  
  117  26:26  Marine x3  
  115  26:36  Orbital Command  
  115  26:39  Marine  
  113  26:59  Missile Turret  
  109  27:02  Missile Turret, Starport Tech Lab  
  109  27:04  Missile Turret  
  109  27:17  Battlecruiser  
  115  27:33  Bunker, SCV x2  
  117  27:37  SCV  
  117  27:42  Refinery  
  118  27:44  Medivac  
  120  28:11  Battlecruiser  
  126  28:20  Command Center  
  126  28:31  Battlecruiser  
  126  28:32  Battlecruiser x2  
  104  29:27  Viking x4  
  112  29:35  Viking  
  112  29:36  Viking x2  
  106  29:57  Viking x2  
  110  30:06  Viking x4  
  112  30:07  Marine x2  
  112  30:12  Marine  
  109  30:42  Orbital Command  
  109  30:50  SCV x2  
  111  31:02  SCV x2  
  113  31:14  SCV  
  113  31:15  SCV  
  113  31:24  Command Center  
  108  31:27  SCV  
  80  32:01  Marine x4  
  70  32:02  Marine x5  
Show
View Real Time Build Order
Export as new Build Order

MattBarry Zerg - Winner!

Build Orders: Hatch First, Lurkers 

Get SALT Encoding   

  12  0:02  Drone  
  13  0:12  Overlord  
  13  0:17  Drone  
  14  0:30  Drone x2  
  16  0:40  Drone  
  17  0:56  Hatchery  
  16  0:59  Drone  
  16  1:02  Drone  
  18  1:07  Drone  
  19  1:16  Extractor  
  18  1:22  Spawning Pool  
  18  1:25  Drone  
  18  1:29  Drone  
  19  1:42  Drone  
  20  2:09  Zergling x4, Queen  
  20  2:10  Queen  
  26  2:24  Zergling x4  
  26  2:25  Overlord  
  26  2:26  Metabolic Boost  
  28  2:46  Queen  
  28  2:48  Extractor  
  28  2:50  Drone x2  
  31  2:55  Baneling Nest  
  30  3:00  Drone x3  
  33  3:06  Evolution Chamber  
  33  3:09  Drone x3  
  35  3:27  Drone  
  35  3:29  Overlord x2  
  36  3:36  Evolution Chamber  
  33  3:49  Drone x4  
  33  3:50  Drone  
  38  4:03  Extractor  
  38  4:04  Drone x6  
  38  4:05  Extractor  
  42  4:18  Zerg Melee Weapons Level 1  
  42  4:19  Zerg Missile Weapons Level 1, Hatchery  
  41  4:30  Spine Crawler  
  38  4:32  Spine Crawler  
  38  4:37  Lair  
  37  4:41  Drone  
  37  4:42  Drone x3  
  37  4:44  Drone  
  42  4:58  Drone x2  
  42  4:59  Overlord x2  
  44  5:08  Spore Crawler  
  43  5:16  Queen  
  43  5:17  Spore Crawler  
  44  5:24  Drone x8  
  52  5:43  Roach Warren  
  52  5:48  Spire, Centrifugal Hooks  
  50  6:00  Queen  
  52  6:06  Queen x2  
  56  6:13  Zergling x2  
  56  6:14  Zergling x6  
  60  6:24  Roach x3  
  66  6:27  Overlord  
  66  6:56  Zergling x16  
  66  6:59  Baneling x2  
  66  7:00  Baneling x6  
  74  7:07  Overlord x2  
  74  7:21  Overlord x3  
  74  7:32  Roach x6  
  74  7:33  Overlord x4  
  86  7:39  Glial Reconstitution  
  86  7:43  Zerg Ground Armor Level 1  
  86  7:44  Zerg Missile Weapons Level 2  
  86  7:49  Drone x7  
  93  8:12  Lair, Hatchery  
  92  8:25  Hydralisk Den  
  91  8:27  Infestation Pit  
  91  8:28  Extractor, Drone x4  
  91  8:29  Extractor  
  91  8:30  Roach  
  91  8:31  Roach x6  
  106  8:56  Roach  
  106  8:57  Roach x11  
  130  9:27  Queen  
  130  9:28  Queen  
  134  9:48  Overseer  
  121  10:27  Queen x3  
  127  10:28  Overlord  
  127  10:29  Overlord x5  
  127  10:31  Drone x15  
  127  10:32  Drone x3  
  143  10:42  Nydus Network  
  142  10:45  Lurker Den  
  142  10:47  Hive  
  139  10:55  Drone x3  
  139  10:56  Drone x3  
  145  11:08  Overseer  
  145  11:25  Overseer  
  145  11:38  Zergling x6  
  147  11:49  Hydralisk x13  
  147  11:50  Hydralisk x2  
  147  11:53  Muscular Augments  
  177  11:59  Adrenal Glands  
  177  12:01  Seismic Spines  
  177  12:04  Zergling x2  
  177  12:05  Zergling x18  
  187  12:10  Extractor  
  187  12:11  Extractor  
  185  12:21  Hatchery  
  184  12:32  Hatchery  
  183  12:48  Overlord  
  183  12:49  Overlord x7  
  180  12:58  Adaptive Talons, Overlord x3  
  180  13:04  Grooved Spines  
  180  13:09  Lurker x7  
  184  13:36  Overlord x2  
  184  13:38  Hydralisk x6  
  184  13:39  Hydralisk x2  
  194  14:13  Zerg Ground Armor Level 2  
  194  14:15  Zerg Missile Weapons Level 3  
  194  14:23  Queen  
  196  14:24  Extractor  
  196  14:26  Extractor  
  194  14:49  Hatchery  
  193  14:54  Ravager x5  
  193  14:55  Ravager  
  180  15:37  Ravager x3  
  153  15:58  Roach x8  
  153  15:59  Roach x7  
  153  16:00  Roach  
  153  16:01  Roach  
  187  16:13  Hydralisk x6  
  178  17:03  Ravager x5  
  178  17:04  Ravager  
  178  17:05  Hydralisk x2  
  178  17:06  Hydralisk  
  178  17:08  Zergling x12  
  194  17:09  Zergling x6  
  194  17:10  Extractor  
  194  17:12  Extractor  
  137  18:10  Roach x21  
  137  18:11  Roach x14  
  176  18:18  Zergling x16  
  176  18:19  Zergling x34  
  171  18:28  Hydralisk x2  
  171  18:29  Hydralisk  
  167  18:43  Ravager x3  
  167  18:44  Ravager x3  
  167  18:46  Hydralisk x10  
  179  19:05  Hydralisk x10  
  179  19:06  Hydralisk x2  
  197  19:23  Zerg Ground Armor Level 3  
  197  19:31  Lurker x3  
  103  20:28  Hydralisk x10  
  103  20:29  Hydralisk x21  
  136  21:03  Hatchery  
  133  21:17  Zergling x30  
  138  21:32  Greater Spire  
  125  21:59  Zerg Melee Weapons Level 2  
  125  22:10  Drone x18  
  125  22:14  Extractor  
  142  22:28  Corruptor x5  
  148  23:14  Lurker Den  
  148  23:17  Corruptor x3  
  148  23:18  Corruptor x2  
  156  23:27  Brood Lord x3  
  156  23:28  Brood Lord  
  156  23:32  Zergling x6  
  169  23:34  Roach x6  
  169  23:35  Roach x3  
  185  23:56  Brood Lord x2  
  185  23:57  Corruptor x2  
  185  23:58  Corruptor  
  185  24:00  Roach x2  
  199  24:04  Overlord x2  
  179  24:30  Corruptor x2  
  179  24:31  Corruptor x2  
  164  24:59  Zergling x2  
  155  25:00  Zergling x34  
  130  25:31  Hydralisk x11  
  138  25:44  Hatchery  
  98  25:58  Corruptor x3  
  92  26:17  Queen x2  
  95  26:37  Corruptor  
  95  26:38  Drone  
  97  26:49  Drone x4  
  97  26:50  Drone  
  102  27:01  Drone x2  
  101  27:15  Brood Lord  
  102  27:18  Brood Lord  
  104  27:40  Queen  
  104  27:42  Drone x8  
  104  27:43  Drone  
  115  27:53  Brood Lord  
  115  27:54  Brood Lord  
  119  27:59  Brood Lord  
  121  28:09  Queen  
  121  28:10  Queen  
  120  28:36  Drone x19  
  127  29:01  Drone  
  127  29:02  Corruptor, Drone x2  
  126  29:03  Corruptor x4  
  136  29:15  Corruptor  
  129  29:30  Corruptor  
  127  29:33  Zergling x20  
  122  30:26  Extractor  
  122  30:27  Extractor  
  120  30:30  Drone x3  
  120  30:31  Corruptor, Drone x4  
  120  30:33  Zergling x20  
  120  30:35  Queen x4  
  139  30:38  Hatchery  
  146  30:58  Spore Crawler  
  146  30:59  Spore Crawler  
  146  31:01  Spore Crawler  
  146  31:02  Spore Crawler  
  142  31:05  Spore Crawler  
  141  31:13  Spore Crawler  
  136  31:31  Corruptor x6  
  123  31:47  Hydralisk Den  
  123  31:52  Corruptor x3  
Tags
 
Composition
Lurkers
League
GoldGold
Matchup
TvZ
Replay Pack
Multiplayer
Spawn Locations
Cross Positions
Add a new tag
Caveats
  • Supply blocks, unpowered buildings, or Contaminate may cause inaccurate times.
  • Supply counts are checked every 10 seconds.